 Dungeon Sprint DCSS version 0.29.1 (webtiles) character file.

Game seed: 2003279480619865746

83 rocky1 the Slasher (level 4, -3/42 HPs)
             Began as a Minotaur Gladiator on Sept 13, 2022.
             Slain by a water elemental (15 damage)
             ... in the Dungeon (Sprint III: "The Ten Rune Challenge").
             The game lasted 00:01:46 (396 turns).

rocky1 the Slasher (Minotaur Gladiator)              Turns: 396, Time: 00:01:46

Health: -3/42      AC:  3    Str: 19    XL:     4   Next: 22%
Magic:  3/3        EV: 13    Int:  5    God:
Gold:   21         SH:  0    Dex: 13    Spells: 3/3 levels left

rFire   . . .      SeeInvis .   a - +0 long sword
rCold   . . .      Faith    .   (no shield)
rNeg    . . .      Spirit   .   b - +0 leather armour
rPois   .          Reflect  .   c - +0 hat
rElec   .          Harm     .   (no cloak)
rCorr   .          Rampage  .   (no gloves)
Will    +....      NoTele   +   (no boots)
Stlth   +.........              (no amulet)
HPRegen 0.14/turn               (no ring)
MPRegen 0.08/turn               (no ring)

@: engulfed (cannot breathe)
A: horns 2, retaliatory headbutt, strong-willed 1, MP-powered wands
a: no special abilities


You were in the Dungeon.
You visited 1 branch You collected 21 gold pieces.

Inventory:

Hand Weapons
 a - a +0 long sword (weapon)
Missiles
 d - 2 throwing nets (quivered)
Armour
 b - a +0 leather armour (worn)
 c - a +0 hat (worn)
Scrolls
 k - a scroll of blinking
 m - 2 scrolls of poison {unknown}
 n - a scroll of amnesia {unknown}
 p - a scroll of identify {unknown}
Potions
 f - 2 potions of curing
 g - a potion of heal wounds
 h - a potion of haste
 i - 2 potions of magic
 j - a potion of berserk rage
 l - a potion of mutation
 o - 3 potions of flight


   Skills:
 + Level 5.0 Fighting
 * Level 7.3 Long Blades
 - Level 2.0 Throwing
 + Level 4.1 Armour
 + Level 5.2 Dodging


You had 3 spell levels left.
You didn't know any spells.
Your spell library was empty.

Dungeon Overview and Level Annotations

Branches:
Dungeon (1/1)

Altars:


Innate Abilities, Weirdness & Mutations

You have a pair of horns on your head.
You reflexively headbutt those who attack you in melee.
You are strong-willed. (Will+)
You expend magic power (3 MP) to strengthen your wands.


Message History

You feel extremely strange.
You feel more energetic.
You feel genetically unstable.
You feel clumsy.
Your body twists and deforms.
You feel robust.
Really quaff the potion of mutation?
You feel extremely strange.
You feel agile.
Your body's shape seems more normal.
You feel frail.
Iridescent scales grow over part of your body.
You feel clumsy.
Really quaff the potion of mutation?
You feel extremely strange.
You feel agile.
Your iridescent scales disappear.
You feel your magical essence link to the dungeon's wands.
You feel strong-willed.
There is an open door here.
You start resting.
Magic restored.
You open the door.
A water elemental comes into view.
Okay, then.
Throw: javelin
Press: ? - help, Q - select action, (/) - cycle Shift-Dir - straight line, f - water elemental
Aim: a water elemental (dormant, 98% to hit)
You throw a javelin.
The javelin pierces through the water elemental.
The water elemental is moderately damaged.
You slash the water elemental! You headbutt the water elemental.
The water elemental is heavily damaged.
The water elemental hits you.
The water elemental engulfs you in water!
You slash the water elemental!
The water elemental is almost destroyed.
Your lungs strain for air!
The water elemental hits you!!
Unknown command.
You hit the water elemental.
The water elemental is almost destroyed.
* * * LOW HITPOINT WARNING * * *
Your lungs strain for air!
The water elemental hits you!
You die...

▓▓▓▓▓▓▓▓ ▓▓▓ <..#..†####
##.# ...#......#####..#
..##.......#..#..#
##.##.##...#..#..# #+#+#
##.##.###..##'#..#......
#.####.##..###..@E.⌠....
.###..##.†####...#...###
#.....##..###....# ⌠(#
###..##...##.....# .#
#..##....#......# #
#..###..##÷#.....# #(.
#.. ####....# ▓▓▓ ▓▓▓
▓▓▓▓▓▓


You could see a water elemental.

Vanquished Creatures
  A scorpion (D)
  A human (D)
  2 endoplasms (D)
  2 rats (D)
6 creatures vanquished.

Notes
Turn   | Place    | Note
-------+----------+-------------------------------------------
     0 | D        | rocky1 the Minotaur Gladiator began the quest for the Orb.
     0 | D        | Reached XP level 1. HP: 18/18 MP: 0/0
    10 | D        | Reached skill level 4 in Long Blades
    14 | D        | Reached skill level 1 in Armour
    57 | D        | Reached skill level 5 in Long Blades
    57 | D        | Reached XP level 2. HP: 27/27 MP: 1/1
    58 | D        | Noticed a scorpion
    65 | D        | Killed a scorpion
    66 | D        | Reached skill level 5 in Fighting
    66 | D        | Reached skill level 7 in Long Blades
    66 | D        | Reached skill level 5 in Dodging
    66 | D        | Reached XP level 3. HP: 17/36 MP: 2/2
    66 | D        | Reached XP level 4. HP: 19/42 MP: 3/3
   374 | D        | Gained mutation: Your mind is acute. (Int +4, Str/Dex -1)
                  | [potion of mutation]
   374 | D        | Gained mutation: You sometimes lose your temper in combat.
                  | [potion of mutation]
   375 | D        | Lost mutation: Your mind is acute. (Int +4, Str/Dex -1)
                  | [potion of mutation]
   375 | D        | Lost mutation: You sometimes lose your temper in combat.
                  | [potion of mutation]
   375 | D        | Gained mutation: Your magical capacity is low. (-10% MP)
                  | [potion of mutation]
   375 | D        | Gained mutation: You are somewhat resistant to further
                  | mutation. [potion of mutation]
   376 | D        | Lost mutation: Your magical capacity is low. (-10% MP)
                  | [potion of mutation]
   376 | D        | Lost mutation: You are somewhat resistant to further
                  | mutation. [potion of mutation]
   376 | D        | Gained mutation: You are clumsy. (Dex -2) [potion of
                  | mutation]
   376 | D        | Gained mutation: Armour fits poorly on your strangely
                  | shaped body. [potion of mutation]
   376 | D        | Gained mutation: You are robust. (+10% HP) [potion of
                  | mutation]
   377 | D        | Lost mutation: You are clumsy. (Dex -2) [potion of
                  | mutation]
   377 | D        | Lost mutation: Armour fits poorly on your strangely shaped
                  | body. [potion of mutation]
   377 | D        | Lost mutation: You are robust. (+10% HP) [potion of
                  | mutation]
   377 | D        | Gained mutation: You are partially covered in iridescent
                  | scales. (AC +2) [potion of mutation]
   377 | D        | Gained mutation: You are clumsy. (Dex -2) [potion of
                  | mutation]
   378 | D        | Lost mutation: You are clumsy. (Dex -2) [potion of
                  | mutation]
   378 | D        | Lost mutation: You are partially covered in iridescent
                  | scales. (AC +2) [potion of mutation]
   378 | D        | Gained mutation: You expend magic power (3 MP) to
                  | strengthen your wands. [potion of mutation]
   378 | D        | Gained mutation: You are strong-willed. (Will+) [potion of
                  | mutation]
   391 | D        | Noticed a water elemental
   396 | D        | Slain by a water elemental

Illustrated notes

Levels and vault maps discovered:
D:        dungeon_sprint_mu [sprint_mu_entry_cave, sprint_mu_temple_rooms,
          sprint_mu_d1_spiders, sprint_mu_d2_genie, sprint_mu_d3_branching,
          sprint_mu_orc_legion, sprint_mu_elf_gauntlet, sprint_mu_hive_nellie,
          sprint_mu_lair_fedhas, sprint_mu_vaults_butterflies,
          sprint_mu_slime_circle, sprint_mu_shoals_kraken,
          sprint_mu_snake_twists, sprint_mu_blade_basic,
          sprint_mu_crypt_fortress, sprint_mu_tomb_spiral,
          sprint_mu_vestibule_basic, sprint_mu_gehenna_hellfire,
          sprint_mu_dis_giant, sprint_mu_tartarus_statrot,
          sprint_mu_cocytus_islands, sprint_mu_zot1]

Skill      XL: |  1  2 |
---------------+-------+-----
Long Blades    | 5 7 |  7.3
Armour         | 2 4 |  4.1
Fighting       | 3 5 |  5.0
Dodging        | 4 5 |  5.2
Throwing       | |  2.0

Action                   |  1- 3 |  4- 6 || total
-------------------------+-------+-------++-------
Melee: Long sword        |    22 |     3 ||    25
       Headbutt          |     2 |     1 ||     3
       Punch             |     1 |       ||     1
Throw: Throwing net      |     3 |       ||     3
       Javelin           |     1 |     1 ||     2
  Use: Potion            |       |     5 ||     5
 Stab: Held in net/web   |     1 |       ||     1
       Sleeping          |     1 |       ||     1
Armor: Leather armour    |     4 |       ||     4
Dodge: Dodged            |    13 |       ||    13
